 Dungeon Crawl Stone Soup version 0.19.1 (webtiles) character file.

23174 Angani the Brawler (level 12, -4/156 HPs)
             Began as a Troll Monk on Dec 5, 2016.
             Was a High Priest of Qazlal.
             Slain by an entropy weaver (15 damage)
             ... on level 3 of the Lair of Beasts.
             The game lasted 00:28:36 (12435 turns).

Angani the Brawler (Troll Monk)                    Turns: 12435, Time: 00:28:37

Health: -4/156     AC:  3    Str: 29 (31) XL:     12   Next: 69%
Magic:  15/15      EV: 17    Int: 11      God:    Qazlal [*****.]
Gold:   845        SH:  6    Dex: 16      Spells: 0 memorised, 11 levels left

rFire  . . .     SeeInvis +       - Unarmed
rCold  + . .     Gourm    +     f - +2 robe {rF+}
rNeg   . . .     Faith    .     (no shield)
rPois  .         Spirit   .     (helmet restricted)
rElec  +         Reflect  .     (no cloak)
rCorr  .         Harm     .     (gloves unavailable)
MR     +....                    (boots unavailable)
Stlth  ..........               E - amulet of rage
                                C - ring of the Thoughtful Lives {Ice rElec Str+4 Int+3}
                                A - ring of see invisible

@: berserking, corroded, studying Slings, repel missiles, very quick
A: unfitting armour, claws 3, clever 1, deterioration 1, fast metabolism 3,
gourmand, magic resistance 1, regeneration 1, shaggy fur 1, tough skin 2
a: Upheaval, Elemental Force, Disaster Area, Renounce Religion, Evoke Berserk
Rage


You were on level 3 of the Lair of Beasts.
You worshipped Qazlal.
Qazlal was extremely pleased with you.
You were full.

You visited 3 branches of the dungeon, and saw 13 of its levels.
You also visited: Bailey.

You collected 845 gold pieces.

Inventory:

Armour
 f - a +2 robe of fire resistance (worn)
Jewellery
 A - a ring of see invisible (left claw)
 C - the ring of the Thoughtful Lives (right claw) {Ice rElec Str+4 Int+3}
   (You found it on level 7 of the Dungeon)

   [ring of ice]

   It enhances your ice magic.
   It affects your strength (+4).
   It affects your intelligence (+3).
   It makes you vulnerable to fire.
   It protects you from cold.
   It insulates you from electricity.
 E - an amulet of rage (around neck)
Wands
 n - a wand of lightning (11/15)
 t - a wand of iceblast (0/15)
 D - a wand of disintegration (11/24)
Scrolls
 a - a scroll of vulnerability {unknown}
 d - a scroll of magic mapping
 e - 3 scrolls of immolation {unknown}
 g - 5 scrolls of enchant armour
 h - 2 scrolls of fear {unknown}
 i - 2 scrolls of random uselessness
 o - 2 scrolls of identify
 p - 4 scrolls of blinking {unknown}
 x - 3 scrolls of enchant weapon {unknown}
 y - 2 scrolls of teleportation {unknown}
 B - a scroll of brand weapon
Potions
 j - a potion of magic
 k - a potion of cure mutation
 l - 2 potions of resistance
 q - 8 potions of curing
 u - 3 potions of brilliance
 z - a potion of heal wounds
Books
 r - a manual of Slings
 s - a book of Maledictions

   Spells                             Type                      Level
   a - Corona                         Hexes                        1
   b - Ensorcelled Hibernation        Hexes/Ice                    2
   c - Confuse                        Hexes                        3
   d - Tukima's Dance                 Hexes                        3
   e - Dazzling Spray                 Conjuration/Hexes            3
 v - a book of Misfortune

   Spells                             Type                      Level
   a - Confusing Touch                Hexes                        1
   b - Confuse                        Hexes                        3
   c - Gell's Gravitas                Hexes/Translocation          3
   d - Petrify                        Transmutation/Earth          4
   e - Metabolic Englaciation         Hexes/Ice                    5
   f - Yara's Violent Unravelling     Hexes/Transmutation          5
 w - a book of Conjurations

   Spells                             Type                      Level
   a - Magic Dart                     Conjuration                  1
   b - Searing Ray                    Conjuration                  2
   c - Dazzling Spray                 Conjuration/Hexes            3
   d - Fulminant Prism                Conjuration/Hexes            4
   e - Iskenderun's Mystic Blast      Conjuration                  4
   f - Iskenderun's Battlesphere      Conjuration/Charms           5
Comestibles
 b - 13 bread rations
 m - 4 meat rations


   Skills:
 - Level 2.4 Fighting
 - Level 10.3 Dodging
 - Level 1.0 Stealth
 - Level 15.6 Unarmed Combat
 + Level 5.9 Evocations


You had 11 spell levels left.
You didn't know any spells.

Dungeon Overview and Level Annotations

Branches:
Dungeon (8/15)             Temple (1/1) D:7            Lair (4/6) D:8
  Swamp (0/4) Lair:2        Snake (0/4) Lair:3

Altars:
Ashenzari
Cheibriados
Dithmenos
Elyvilon
Fedhas
Gozag
Hepliaklqana
Kikubaaqudgha
Makhleb
Nemelex Xobeh
Okawaru
Qazlal
Ru
Sif Muna
Trog
Uskayaw
Vehumet
Xom
Yredelemnul
Zin

Annotations:
D:1 exclusions: 4 doors and 1 more exclusion
Lair:4 Nergalle


Innate Abilities, Weirdness & Mutations

You are too large for most types of armour.
You have claws for hands.
Your metabolism is lightning-fast.
You like to eat raw meat.
Your natural rate of healing is unusually fast.
You are covered in fur. (AC +1)
You have very tough skin. (AC +2)
Your mind is acute. (Int +2)
Your body sometimes deteriorates upon taking damage.
You are resistant to hostile enchantments. (MR+)


Message History

Qazlal accepts your kill.
The entropy weaver mumbles some strange words.
The entropic weave corrodes you!
Unknown command.
You scratch the soldier ant but do no damage.
The soldier ant is moderately wounded.
You block the soldier ant's attack.
You closely miss the soldier ant.
The soldier ant is moderately wounded.
The entropy weaver hits you.
* * * LOW HITPOINT WARNING * * *
You block the entropy weaver's attack. The entropy weaver closely misses you.
The entropy weaver hits you.
* * * LOW HITPOINT WARNING * * *
You mangle the soldier ant!!
You kill the soldier ant!
Qazlal accepts your kill.
You can now call upon nature's wrath in a wide area around you.
The entropy weaver hits you!
You die...

.###.### ######.#### #..##...
!P...#### ####.#### ###...##P[
........# #..P'##.#####...P####.
........# ##.........##...(####..
........###P........####....##...
.........##........## ##..#####..
.........P##..§§.§§## #...#####P.
...........+.....§§.# #...#.##...
.......(+......§@a..###P.........
........#####+#..P.#.####.P##+..#
.P###.### ##..§.§P### #####...#
....### #P..P..#### ##... ##.>##
#.........# ##...P #....#
##........# ####..... ##..####
###........# #P##.....
.......####..........####..'.....
............#.............##.....


You could see an entropy weaver.

Vanquished Creatures
  An orc warlord (Bailey)
  Snorg (Lair:4)
  2 hydras (Lair:3)
  Pikel (D:7)
  An orc knight (Bailey)
  4 elephants (Lair:3)
  2 black mambas
  Psyche (D:8)
  6 spiny frogs
  A rime drake (Lair:3)
  5 komodo dragons
  15 blink frogs
  A polar bear (Lair:3)
  2 hippogriffs (Lair:2)
  7 spriggans (Lair:2)
  2 wyverns
  6 yaks (Lair:2)
  2 basilisks
  Menkaure (D:6)
  5 soldier ants
  10 water moccasins
  12 porcupines
  2 orc warriors (Bailey)
  2 phantoms
  A slave (D:7)
  A hornet zombie (D:7)
  A sky beast (D:6)
  5 necrophages
  3 ogres
  2 centaurs
  6 wolves (Lair:2)
  3 crocodiles (Lair:2)
  14 bullfrogs
  A gnoll sergeant (D:7)
  2 scorpions (D:4)
  5 wights (D:8)
  An electric eel (Lair:3)
  A howler monkey (D:8)
  2 crimson imps
  A hound (D:5)
  5 orc priests
  A bullfrog skeleton (D:7)
  A gnoll shaman (D:8)
  7 orc wizards
  A centaur skeleton (D:5)
  4 iguanas
  11 worker ants
  2 hound zombies
  A hound skeleton (D:4)
  8 gnolls
  14 adders
  A shadow imp (D:7)
  An ooze (D:2)
  3 adder skeletons
  4 worms
  6 dart slugs
  6 leopard geckos
  32 orcs
  A ball python (Lair:3)
  5 giant cockroaches
  22 goblins
  10 hobgoblins
  11 jackals
  A ball python zombie (D:6)
  8 bats
  7 frilled lizards
  A jackal zombie (D:6)
  20 kobolds
  14 rats
  6 fungi (Lair:3)
  A plant (Lair:3)
356 creatures vanquished.

Vanquished Creatures (others)
  A slave (D:7)
  3 gnolls (D:7)
  A fungus (Lair:3)
5 creatures vanquished.

Grand Total: 361 creatures vanquished

Notes
Turn   | Place    | Note
-------+----------+-------------------------------------------
     0 | D:1      | Angani the Troll Monk began the quest for the Orb.
     0 | D:1      | Reached XP level 1. HP: 22/22 MP: 0/0
   214 | D:1      | Reached XP level 2. HP: 29/29 MP: 1/1
   354 | D:1      | Reached skill level 4 in Unarmed Combat
   830 | D:1      | Reached XP level 3. HP: 36/36 MP: 2/2
  1366 | D:2      | Reached skill level 5 in Unarmed Combat
  1366 | D:2      | Reached XP level 4. HP: 38/44 MP: 3/3
  1694 | D:2      | Found a bloodstained altar of Trog.
  2114 | D:3      | Reached XP level 5. HP: 27/50 MP: 4/4
  2208 | D:3      | Reached skill level 6 in Unarmed Combat
  2451 | D:4      | Found a sparkling altar of Nemelex Xobeh.
  2810 | D:4      | Reached XP level 6. HP: 51/59 MP: 5/5
  2883 | D:4      | Reached skill level 7 in Unarmed Combat
  3043 | D:4      | Reached skill level 8 in Unarmed Combat
  3043 | D:4      | Reached XP level 7. HP: 34/66 MP: 6/6
  3451 | D:5      | Entered Level 5 of the Dungeon
  3467 | D:5      | Found a deep blue altar of Sif Muna.
  3582 | D:5      | Found a sparkling altar of Nemelex Xobeh.
  3748 | D:5      | Found a stormy altar of Qazlal.
  4076 | D:5      | Reached skill level 9 in Unarmed Combat
  4170 | D:6      | Found an iron altar of Okawaru.
  4175 | D:6      | Found a shadowy altar of Dithmenos.
  4274 | D:6      | Reached XP level 8. HP: 74/74 MP: 7/7
  4364 | D:6      | Reached skill level 10 in Unarmed Combat
  4557 | D:6      | Noticed Menkaure
  4562 | D:6      | Killed Menkaure
  4930 | D:6      | Reached skill level 11 in Unarmed Combat
  5030 | D:6      | Found an ancient bone altar of Kikubaaqudgha.
  5085 | D:7      | Found a glowing silver altar of Zin.
  5085 | D:7      | Found a hide-covered altar of Uskayaw.
  5155 | D:7      | Found a flagged portal.
  5192 | Bailey   | Entered a bailey
  5197 | Bailey   | Noticed an orc warlord
  5413 | Bailey   | Found a runed gate.
  5416 | Bailey   | Found a runed gate.
  5422 | Bailey   | Found a runed gate.
  5432 | Bailey   | Noticed an orc knight
  5462 | Bailey   | Killed an orc knight
  5462 | Bailey   | Reached skill level 12 in Unarmed Combat
  5462 | Bailey   | Reached XP level 9. HP: 36/80 MP: 8/8
  5703 | Bailey   | Killed an orc warlord
  5703 | Bailey   | Reached skill level 13 in Unarmed Combat
  5805 | D:7      | Noticed Pikel
  5823 | D:7      | Killed Pikel
  5823 | D:7      | Reached skill level 14 in Unarmed Combat
  5954 | D:7      | Found a staircase to the Ecumenical Temple.
  6066 | D:7      | Reached XP level 10. HP: 86/88 MP: 9/9
  6258 | D:7      | Got a flickering wooden ring
  6259 | D:7      | Identified the ring of the Thoughtful Lives {Ice rElec Str+4 Int+3} (You found it on level 7 of the Dungeon)
  6582 | Temple   | Entered the Ecumenical Temple
  6943 | D:5      | Became a worshipper of Qazlal Stormbringer
  6943 | D:5      | Reached * piety under Qazlal
  6943 | D:5      | Reached ** piety under Qazlal
  7010 | D:6      | Gained mutation: Your body sometimes deteriorates upon taking damage. [mutagenic meat]
  7128 | D:8      | Noticed Psyche
  7136 | D:8      | Killed Psyche
  7281 | D:8      | Found a staircase to the Lair.
  7556 | D:8      | Reached skill level 15 in Unarmed Combat
  7627 | D:8      | Gained mutation: You are resistant to hostile enchantments. (MR+) [potion of beneficial mutation]
  7628 | D:8      | Gained mutation: Your mind is acute. (Int +2) [potion of beneficial mutation]
  8168 | Lair:1   | Entered Level 1 of the Lair of Beasts
  8198 | D:8      | Reached *** piety under Qazlal
  8350 | Lair:1   | Reached skill level 5 in Dodging
  8524 | Lair:1   | Noticed a spiny frog
  8529 | Lair:1   | Killed a spiny frog
  8647 | Lair:1   | Reached XP level 11. HP: 94/94 MP: 10/10
  9373 | Lair:2   | You fall through a shaft!
  9373 | Lair:3   | Found a staircase to the Snake Pit.
  9469 | Lair:3   | Got a bloodstained robe
  9485 | Lair:3   | Identified the cursed +0 robe "Migoat" {Dex+3} (You found it on level 3 of the Lair of Beasts)
  9945 | Lair:2   | Reached **** piety under Qazlal
 10180 | Lair:2   | Reached skill level 10 in Dodging
 10586 | Lair:2   | Found a staircase to the Swamp.
 10907 | Lair:2   | Reached XP level 12. HP: 104/104 MP: 11/11
 11364 | Lair:3   | Noticed a seven-headed hydra
 11373 | Lair:3   | Killed an 11-headed hydra
 11373 | Lair:3   | Reached skill level 1 in Evocations
 11919 | Lair:4   | Noticed Nergalle
 11923 | Lair:4   | Noticed Snorg
 11977 | Lair:4   | Killed Snorg
 11982 | Lair:4   | Noticed a five-headed hydra
 12042 | Lair:4   | Noticed a five-headed hydra
 12051 | Lair:3   | Killed a 13-headed hydra
 12055 | Lair:3   | Reached skill level 5 in Evocations
 12391 | Lair:4   | Noticed an entropy weaver
 12435 | Lair:3   | Reached ***** piety under Qazlal
 12435 | Lair:3   | Slain by an entropy weaver

Skill      XL: |  1  2  3  4  5  6  7  8  9 10 11 12 |
---------------+-------------------------------------+-----
Unarmed Combat | 4 5 6 8 9 12 14 15 | 15.6
Dodging        | 6 10 | 10.3
Evocations     | 5 |  5.9
Fighting       | |  2.4
Stealth        | |  1.0

Action                   |  1- 3 |  4- 6 |  7- 9 | 10-12 || total
-------------------------+-------+-------+-------+-------++-------
Melee: Unarmed           |   104 |   153 |   201 |   533 ||   991
       Punch             |     1 |     2 |    11 |    41 ||    55
 Abil: Evoke Berserk Rag |       |       |       |     4 ||     4
Evoke: Wand              |       |       |       |     3 ||     3
  Use: Scroll            |     1 |       |     9 |     8 ||    18
       Potion            |       |     3 |     3 |     5 ||    11
 Stab: Sleeping          |     6 |     4 |     3 |       ||    13
       Distracted        |       |     1 |     1 |       ||     2
       Invisible         |       |       |       |     7 ||     7
  Eat: Chunk             |    17 |    16 |    22 |    55 ||   110
       Meat ration       |       |       |       |     1 ||     1
       Pizza             |       |       |       |     1 ||     1
       Beef jerky        |       |       |       |     2 ||     2
Armor: Robe              |    43 |    39 |    50 |    85 ||   217
Dodge: Dodged            |    50 |    74 |   104 |   283 ||   511
       Deflected         |       |       |       |     1 ||     1
Block: Other             |       |       |       |    98 ||    98
